 Dungeon Crawl Stone Soup version 0.30-a0-365-ge7f957f1db (webtiles) character file.

Game seed: 3858767579296958209

28 Bqawayeah the Insei (level 3, 0/26 HPs)
             Began as a Demonspawn Transmuter on Nov 17, 2022.
             Slain by Terence
             ... wielding a +0 short sword
              (6 damage)
             ... on level 2 of the Dungeon.
             The game lasted 00:02:16 (1181 turns).

Bqawayeah the Insei (Demonspawn Transmuter)         Turns: 1181, Time: 00:02:17

Health: 0/26       AC:  3    Str: 10    XL:     3   Next: 0%
Magic:  2/6        EV: 12    Int: 16    God:
Gold:   39         SH:  0    Dex: 13    Spells: 0/6 levels left

rFire   . . .      SeeInvis .      - Unarmed
rCold   . . .      Faith    .    (no shield)
rNeg    . . .      Spirit   .    a - +0 robe
rPois   .          Reflect  .    (helmet restricted)
rElec   .          Harm     .    (no cloak)
rCorr   .          Rampage  .    (no gloves)
Will    .....                    (no boots)
Stlth   +.........               (no amulet)
HPRegen 0.24/turn                (no ring)
MPRegen 0.10/turn                (no ring)

@: wereblooded
A: antennae 1, sharp scales 1
a: no special abilities


You were on level 2 of the Dungeon.
You visited 1 branch of the dungeon, and saw 2 of its levels.

You collected 39 gold pieces.

Inventory:

Armour
 a - a +0 robe (worn)
Jewellery
 e - an amulet of reflection
Scrolls
 c - a scroll of immolation {unknown}
 d - 2 scrolls of teleportation {unknown}
 j - a scroll of identify {unknown}
Potions
 b - a potion of lignification
 f - a potion of degeneration {unknown}
 g - a potion of brilliance {unknown}
 h - a potion of resistance {unknown}
 i - a potion of curing {unknown}


   Skills:
 + Level 1.1 Fighting
 - Level 1.7 Dodging
 - Level 3.0 Unarmed Combat
 + Level 2.2 Spellcasting
 * Level 2.5 Transmutations


You couldn't memorise any spells.
You knew the following spells:

 Your Spells              Type           Power      Damage    Failure   Level
a - Beastly Appendage     Tmut           18%        N/A       7%          1
b - Wereblood             Tmut           9%         N/A       11%         2
c - Spider Form           Tmut/Pois      5%         N/A       34%         3

Your spell library contained the following spells:

 Spells                   Type           Power      Damage    Failure   Level
 Magic Dart               Conj           4%         1d3       21%         1
 Call Imp                 Summ           1%         N/A       30%         2
 Mephitic Cloud           Conj/Pois/Air  1%         N/A       52%         3
 Ice Form                 Ice/Tmut       5%         N/A       75%         4


Dungeon Overview and Level Annotations

Branches:
Dungeon (2/15)

Altars:

Shops:
D:1 =

Annotations:
D:2 Terence


Innate Abilities, Weirdness & Mutations

You have a pair of small antennae on your head.
You are partially covered in razor-sharp scales. (AC +1, Slay +1)


Message History

Casting: Spider Form (extremely dangerous; 34% risk of failure)
Confirm with . or Enter, or press ? or * to list all spells.
Your blood is infused with primal strength.
Casting: Wereblood (safe; 11% risk of failure)
Confirm with . or Enter, or press ? or * to list all spells.
The spell is extremely dangerous to miscast (34% risk of failure)!
Continue anyway?
You turn into a venomous arachnid creature.
Your +0 robe melds into your body.
You climb downwards.
Level annotation: Terence Terence hits you with a +0 short sword!
There is a stone staircase leading up here.
You barely miss Terence. Terence misses you.
You hit Terence but do no damage. The gnoll misses you.
Terence hits you with a +0 short sword.
You hit Terence but do no damage.
Terence is poisoned.
Your transformation is almost over.
The gnoll hits you from afar with a +0 spear.
Terence barely misses you.
You hit Terence but do no damage. The gnoll closely misses you.
Terence hits you with a +0 short sword.
The gnoll shouts!
You hit Terence but do no damage. The gnoll barely misses you.
Terence completely misses you.
You barely miss Terence.
Terence is lightly wounded.
Terence closely misses you. The gnoll misses you.
The goblin unwields a +0 sling.
The goblin wields a +0 club.
The goblin completely misses you.
You hit Terence but do no damage.
Terence looks as sick as possible!
Terence is lightly wounded.
The gnoll barely misses you. Terence hits you with a +0 short sword.
* * * LOW HITPOINT WARNING * * *
The goblin misses you.
Your transformation has ended.
Your +0 robe unmelds from your body.
Terence attacks as you move away! Terence hits you with a +0 short sword.
* * * LOW HITPOINT WARNING * * *
Terence hits you with a +0 short sword.
You die...

#####...###......
#..).....# .....
#.###....# ....
#.# ##g#.# ...
#.# #g#.# .. #.#
#.#.# . #.# #g#.#
#.####@#.#
#....@.#.#
########.#


You could see Terence (very poisoned), 2 gnolls and a goblin.

Vanquished Creatures
  A gnoll (D:2)
  A dart slug (D:1)
  2 ball pythons (D:1)
  2 goblins (D:1)
  2 hobgoblins (D:1)
  2 quokkas (D:1)
  2 bats (D:1)
  2 kobolds (D:1)
  A rat (D:1)
15 creatures vanquished.

Notes
Turn   | Place    | Note
-------+----------+-------------------------------------------
     0 | D:1      | Bqawayeah the Demonspawn Transmuter began the quest for the
                  | Orb.
     0 | D:1      | Reached XP level 1. HP: 15/15 MP: 3/3
    44 | D:1      | Found Muecopt's Jewellery Emporium.
    72 | D:1      | Reached skill level 3 in Unarmed Combat
   125 | D:1      | Lost mutation: You have a pair of horns on your head.
                  | [demonic ancestry]
   125 | D:1      | Lost mutation: You have a pair of small horns on your head.
                  | [demonic ancestry]
   125 | D:1      | Gained mutation: You have a pair of small antennae on your
                  | head. [demonic ancestry]
   125 | D:1      | Reached XP level 2. HP: 17/21 MP: 3/5
   659 | D:2      | Noticed Terence
   678 | D:2      | Gained mutation: You are partially covered in razor-sharp
                  | scales. (AC +1, Slay +1) [demonic ancestry]
   678 | D:2      | Reached XP level 3. HP: 10/26 MP: 4/6
   681 | D:2      | Learned a level 2 spell: Wereblood
   685 | D:2      | Learned a level 3 spell: Spider Form
  1181 | D:2      | Slain by Terence

Illustrated notes

Levels and vault maps discovered:
D:1:      eino_arrival_water_cross, layout_basic, serial_shops, shop
D:2:      layout_basic, ebering_ecumenical_altar_ruins, uniq_terence

Skill      XL: |  1 |
---------------+----+-----
Transmutations | 2 |  2.5
Unarmed Combat | 3 |  3.0
Fighting       | |  1.1
Dodging        | |  1.7
Spellcasting   | |  2.2

Action                   || total
-------------------------++-------
Melee: Unarmed           ||    57
       Kick              ||    11
       Headbutt          ||     3
       Punch             ||     1
 Cast: Beastly Appendage ||    10
       Wereblood         ||     3
       Spider Form       ||     1
 Stab: Sleeping          ||     1
Armor: Robe              ||    16
Dodge: Dodged            ||    39

Table legend: (Time is in decaauts)
 A = Elapsed time spent in this place.
 B = Non-inter-level travel time spent in this place.
 C = Inter-level travel time spent in this place.
 D = Time resting spent in this place.
 E = Time spent auto-exploring this place.
 F = Levels seen in this place.
 G = Mean time per level.
                   A        B        C        D        E       F      G
               +--------+--------+--------+--------+--------+-----+--------+
         Total |   1177 |   1162 |     15 |    390 |    612 |   2 |  588.5 |
       Dungeon |   1177 |   1162 |     15 |    390 |    612 |   2 |  588.5 |
               +--------+--------+--------+--------+--------+-----+--------+

Top non-repeatable levels by time:
     D:1: 1046 daAuts
     D:2: 131 daAuts
